 Dungeon Crawl Stone Soup version 0.32-a0-968-g61e5eb5241 (webtiles) character file.

Game seed: 8685479055441053652

238586 lilalause the Severer (level 19, -3/136 (153) HPs)
             Began as a Coglin Fighter on Apr 18, 2024.
             Was the Champion of Qazlal.
             Slain by a halazid warlock (7 damage)
             ... in the Desolation of Salt.
             The game lasted 02:11:14 (36534 turns).

lilalause the Severer (Coglin Fighter)             Turns: 36534, Time: 02:11:15

HP:   -3/136 (153)  AC: 35    Str: 26    XL:     19   Next: 27%
MP:   27/27         EV: 13    Int:  7    God:    Qazlal [******]
Gold: 3214          SH:  8    Dex: 15    Spells: 17/21 levels left

rFire   . . .        P - +6 broad axe "Dunwoatia" {spect, rC+ Str+2}
rCold   + + +        q - +8 broad axe (flame) {Lucia}
rNeg    + . .        W - +5 pearl dragon scales
rPois   +            X - +2 helmet {SInv}
rElec   .            M - scarf {+Inv}
rCorr   +            A - +0 pair of gloves of the Bells {rPois Slay+3}
SInv    +            L - +3 pair of mountain boots {steadfast, rC+}
Will    +....        (amulet unavailable) Stlth
                     (ring unavailable)
HPRegen 0.42/turn    (ring unavailable)
MPRegen 0.20/turn    O - tuning ramjet {Gadgeteer, rPois rC+ rCorr}

%: repel missiles
@: protected from physical damage, heavily drained, revving, very slow
A: off-hand wielding, slow wielding, warmup strikes, no jewellery
}: 2/15 runes: decaying, gossamer
a: Renounce Religion, Evoke Invisibility, Upheaval, Elemental Force, Disaster
Area


You were in the Desolation of Salt.
You worshipped Qazlal.
Qazlal was exalted by your worship.
You visited 7 branches of the dungeon, and saw 32 of its levels.
You also visited: Sewer, Bailey, Gauntlet, Ice Cave and Desolation.

You collected 4578 gold pieces.
You spent 1364 gold pieces at shops.

Inventory:

Hand Weapons
 q - a +8 broad axe of flaming (offhand) {Lucia}
 E - a +1 broad axe of chaos
 P - the +6 broad axe "Dunwoatia" (weapon) {spect, rC+ Str+2}
   (You found it on level 7 of the Dungeon)

   Str+2:     It affects your strength (+2).
   rC+:       It protects you from cold.
Missiles
 p - 29 boomerangs
 s - 3 darts of dispersal
 t - 11 curare-tipped darts
 D - 4 throwing nets (quivered)
 Q - 7 atropa-tipped darts
 S - 4 datura-tipped darts
 V - 7 silver javelins
Armour
 i - the +7 scale mail "Nuips" {rF+}
   (You found it on level 10 of the Dungeon)

   rF+:       It protects you from fire.
 A - the +0 pair of gloves of the Bells (worn) {rPois Slay+3}
   (You found it in a Gauntlet)

   Slay+3:    It affects your accuracy & damage with ranged weapons and melee
   (+3).
   rPois:     It protects you from poison.
 K - a +3 plate armour of cold resistance
 L - the +3 pair of mountain boots (worn) {steadfast, rC+}
   (You found it in an ice cave)

   Steadfast: It prevents involuntary movement, except for blinking,
   teleportation, or banishment.
   rC+:       It protects you from cold.
 M - a scarf of invisibility (worn)
 R - the +1 robe of Gigonige {Will+ Stlth+}
   (You found it in a Gauntlet)

   Will+:     It increases your willpower.
   Stlth+:    It makes you more stealthy.
 W - +5 pearl dragon scales (worn)
 X - a +2 helmet of see invisible (worn)
Gizmo
 O - a tuning ramjet (installed) {Gadgeteer, rPois rC+ rCorr}
   (You invented it yourself on level 4 of the Lair of Beasts)

   [tuning ramjet]

   Gadgeteer: Your evocable items recharge 30% faster and wands have a 30%
   chance to not spend a charge.
   rC+:       It protects you from cold.
   rPois:     It protects you from poison.
   rCorr:     It protects you from acid and corrosion.
Talismans
 f - a dragon-blood talisman
Wands
 b - a wand of charming (8)
 e - a wand of roots (10)
 l - a wand of mindburst (7)
 I - a wand of flame (34)
 T - a wand of digging (15)
 Y - a wand of quicksilver (16)
Scrolls
 n - 5 scrolls of blinking
 u - 6 scrolls of fear
 v - 5 scrolls of fog
 x - 2 scrolls of silence
 F - 7 scrolls of vulnerability
 N - 8 scrolls of teleportation
 Z - 2 scrolls of immolation
Potions
 c - 2 potions of magic
 d - a potion of might
 g - 9 potions of curing
 h - 4 potions of haste
 j - 5 potions of cancellation
 k - 12 potions of heal wounds
 m - 5 potions of attraction
 r - 3 potions of lignification
 w - a potion of berserk rage
 z - 7 potions of ambrosia
 C - a potion of resistance
 G - a potion of invisibility
 H - 10 potions of enlightenment
 J - a potion of brilliance
Miscellaneous
 a - a phial of floods (inert)
 o - a condenser vane
 y - a phantom mirror (inert)


   Skills:
 * Level 14.3 Fighting
 + Level 18.5 Axes
 - Level 6.0 Throwing
 + Level 15.3 Armour
 + Level 7.5 Dodging
 - Level 2.1 Shields
 + Level 1.5 Spellcasting
 + Level 6.2 Translocations
 - Level 4.0 Earth Magic
 + Level 10.7 Invocations
 * Level 17.0 Evocations


You had 17 spell levels left.
You knew the following spells:

 Your Spells              Type           Power      Damage    Failure   Level
a - Passwall              Erth           6%         N/A       41%         3
b - Apportation           Tloc           18%        N/A       6%          1

Your spell library contained the following spells:

 Spells                   Type           Power      Damage    Failure   Level
 Sandblast                Erth           12%        2d6       16%         1
 Volatile Blastmotes      Fire/Tloc      8%         2d10      54%         3
 Freeze                   Ice            0%         1d3       63%         1
 Kiss of Death            Conj/Necr      0%         2d5       63%         1
 Magic Dart               Conj           0%         1d3       63%         1
 Sting                    Conj/Alch      0%         1d3       63%         1
 Stone Arrow              Conj/Erth      6%         3d7       71%         3
 Cigotuvi's Dreadful Rot  Necr/Alch/Air  0%         N/A       77%         2
 Ensorcelled Hibernation  Hex/Ice        0%         N/A       77%         2
 Jinxbite                 Hex            0%         N/A       77%         2
 Mercury Vapours          Alch/Air       0%         N/A       77%         2
 Sublimation of Blood     Necr           0%         N/A       77%         2
 Iskenderun's Mystic Bla Conj/Tloc 4%             2d3        (+2d1     91%         4
 Vhi's Electric Charge    Tloc/Air       8%         N/A       91%         4
 Hailstorm                Conj/Ice       0%         3d5       94%         3
 Inner Flame              Hex/Fire       0%         N/A       94%         3
 Mephitic Cloud           Conj/Alch/Air  0%         N/A       94%         3
 Summon Ice Beast         Ice/Summ       0%         N/A       94%         3
 Swiftness                Air            0%         N/A       94%         3
 Tukima's Dance           Hex            0%         N/A       94%         3
 Animate Dead             Necr           0%         N/A       100%        4
 Dispel Undead            Necr           0%         3d6       100%        4
 Olgreb's Toxic Radiance  Alch           0%         N/A       100%        4
 Alistair's Intoxication  Alch           0%         N/A       100%        5
 Borgnjor's Vile Clutch   Necr/Erth      1%         N/A       100%        5
 Freezing Cloud           Conj/Ice/Air   0%         6-21      100%        5
 Irradiate                Conj/Alch      0%         3d11      100%        5
 Metabolic Englaciation   Hex/Ice        0%         N/A       100%        5
 Silence                  Hex/Air        0%         N/A       100%        5
 Yara's Violent Unravell  Hex/Alch       0%         3d3       100%        5
 Conjure Ball Lightning   Conj/Air       0%         3x3d6     100%        6
 Death Channel            Necr           0%         N/A       100%        6
 Gell's Gavotte           Tloc           4%         2d(13-19) 100%        6
 Permafrost Eruption      Ice/Erth       1%         2x4d2     100%        6
 Sculpt Simulacrum        Ice/Alch       0%         N/A       100%        6
 Enfeeble                 Hex            0%         N/A       100%        7
 Ozocubu's Refrigeration  Ice            0%         4d7       100%        7
 Fulsome Fusillade        Conj/Alch      0%         (3-5)d4   100%        8
 Ignition                 Fire           0%         3d3       100%        8
 Chain Lightning          Conj/Air       0%         N/A       100%        9
 Polar Vortex             Ice            0%         N/A       100%        9


Dungeon Overview and Level Annotations

Branches:
Dungeon (15/15)            Temple (1/1) D:7            Lair (5/5) D:11
  Swamp (4/4) Lair:3       Spider (4/4) Lair:3        Slime (0/5) Lair:4
    Orc (2/2) D:10            Elf (1/3) Orc:2        Vaults (0/5) D:14
 Depths (0/4) D:15          Sewer (visited)          Bailey (visited)
  IceCv (visited)         Desolation (1/1)          Gauntlet (visited)

Altars:
Ashenzari
Cheibriados
Dithmenos
Elyvilon
Fedhas
Gozag
Hepliaklqana
Kikubaaqudgha
Makhleb
Nemelex Xobeh
Okawaru
Qazlal
Ru
Sif Muna
Trog
Uskayaw
Vehumet
Wu Jian
Xom
Yredelemnul
Zin
The Shining One

Shops:
D:3 *   D:9 (   D:14 *   Orc:2 ([([

Portals:
Trove: D:13 (show slimy rune of Zot)

Annotations:
D:2 1 runed translucent door, Crazy Yiuf


Innate Abilities, Weirdness & Mutations

You can wield a second weapon in your off-hand.
It takes a long time for you to wield or remove held weapons.
Your first few attacks do less damage.
You cannot equip rings or amulets.


Message History

Your +6 broad axe "Dunwoatia" {spect, rC+ Str+2} hits the servant of whispers but does no damage.
The grasping roots constrict the servant of whispers!
The grasping roots constrict the halazid warlock.
Your saltling barely misses the servant of whispers.
The peacekeeper bites your saltling. The peacekeeper claws your saltling.
The peacekeeper bites you!
* * * LOW HITPOINT WARNING * * *
You feel more protected from physical attacks.
You block the peacekeeper's attack.
Your saltling splashes around in the water.
The saltling closely misses your +6 broad axe "Dunwoatia" {spect, rC+ Str+2}.
The servant of whispers hits your +6 broad axe "Dunwoatia" {spect, rC+ Str+2} with a +0 spear.
Your spectral weapon shares its damage with you!
* * * LOW HITPOINT WARNING * * *
The servant of whispers barely misses you.
Your saltling hits the peacekeeper.
Your ironbound convoker casts a spell at your saltling.
Your saltling seems to grow stronger.
Unknown command.
Your unstable footing causes you to fumble your attack. x2
Your +6 broad axe "Dunwoatia" {spect, rC+ Str+2} disappears.
The grasping roots constrict the servant of whispers!
The air resumes its normal movements.
You kill the servant of whispers!
Qazlal accepts your kill.
You hear a splash. x2
The grasping roots constrict the halazid warlock.
The halazid warlock shouts!
You hear a roar!
The saltling hits your saltling. The peacekeeper bites your saltling.
The peacekeeper claws your saltling but does no damage.
The peacekeeper bites you but does no damage.
The peacekeeper claws you!
* * * LOW HITPOINT WARNING * * *
Your saltling is engulfed in freezing vapours.
Your saltling hits the peacekeeper but does no damage.
The halazid warlock touches you but does no damage.
The halazid warlock touches you.
* * * LOW HITPOINT WARNING * * *
You writhe in agony!
You die...

..................†)...
.......................
.#......................
.............♣..........
........................
........................
......§9................
......99L...............
..#.p~~@ß)######........
....~☼9L~## ##.......
....~a~L## #......
....~~99# .....
..9.~.~99 ... ..........
........#a. ........##..
......... #..


You could see a servant of whispers (summoned), 2 halazid warlocks, 2
peacekeepers, 4 saltlings, a friendly halazid warlock (summoned, drained), a
friendly ironbound convoker (summoned) and 3 friendly saltlings.

Vanquished Creatures
  Saint Roka (Orc:2)
  Arachne (Spider:2)
  Mlioglotl (Spider:3)
  Frances (D:13)
  Agnes (Spider:4)
  The ghost of topfpfpflanze the Eclecticist, an adept FeCj of Gozag (Spider:3)
  Donald (Spider:3)
  Aizul (Spider:3)
  4 emperor scorpions
  Louise (Spider:2)
  6 ghost moths
  A broodmother (Spider:1)
  3 eleionomae
  4 bunyips
  4 spark wasps
  A minotaur (Gauntlet)
  A halazid warlock (Desolation)
  2 blizzard demons (IceCv)
  2 crystal guardians (Desolation)
  3 entropy weavers
  A shambling mangrove (Swamp:4)
  2 caustic shrike simulacra (IceCv)
  2 ragged hierophants (Desolation)
  3 ghost crabs
  19 hydras
  7 peacekeepers (Desolation)
  3 servants of whispers (Desolation)
  A catoblepas (Lair:3)
  3 radroaches
  A jorogumo (Spider:1)
  An ogre mage (D:14)
  9 two-headed ogres
  A merfolk avatar (Lair:5)
  4 centaur warriors
  6 alligators
  3 dancing weapons
  6 death yaks (Lair:4)
  A tengu warrior (D:15)
  A sphinx skeleton (D:15)
  4 demonic crawlers
  5 boulder beetles
  A storm dragon zombie (D:15)
  Sonja (D:10)
  3 skysharks
  Lodul (D:13)
  13 pharaoh ants
  4 spriggan druids
  A deep elf archer (Elf:1)
  2 skeletal warriors (D:15)
  3 orb spiders
  3 goliath frogs
  2 sea snakes
  A flayed ghost (D:15)
  A storm dragon skeleton (D:15)
  5 bog bodies
  3 sun moths
  7 spriggan simulacra (IceCv)
  14 swamp dragons
  Pikel (D:7)
  4 ironbound convokers
  10 steelbarb worms
  5 orc knights
  An obsidian bat (Orc:2)
  3 deep elf zephyrmancers (Elf:1)
  A necromancer (D:15)
  4 deep elf pyromancers
  22 wolf spiders
  A will-o-the-wisp (Swamp:3)
  3 moths of wrath
  4 cyclopes
  4 manticores
  14 ugly things
  12 elephants
  5 meliai
  5 slime creatures (D:12)
  A guardian serpent (shapeshifter) (D:12)
  2 black mambas (Lair:5)
  9 kobold blastminers
  2 guardian serpents (Desolation)
  2 torpor snails
  An unseen horror (D:12)
  11 cane toads
  3 kobold demonologists
  An efreet (D:14)
  3 freezing wraiths (IceCv)
  4 rime drakes
  12 komodo dragons
  13 ice devils
  A golden dragon simulacrum (IceCv)
  4 tengu conjurers
  9 trolls
  A bloated husk (Swamp:3)
  Prince Ribbit (D:6)
  A wind drake (Lair:5)
  A queen bee (D:10)
  2 hornets
  4 polar bears
  17 blink frogs
  23 tarantellas
  13 tyrant leeches
  Grinder (D:5)
  21 saltlings
  An alligator simulacrum (IceCv)
  A tarantella (shapeshifter) (D:12)
  38 jumping spiders
  A snapping turtle (Lair:5)
  5 shadows
  2 vampires
  17 culicivoras
  42 yaks
  4 wyverns
  A wraith (D:13)
  2 dire elephant simulacra (IceCv)
  6 spriggans
  Grum (D:9)
  7 wargs
  40 redbacks
  10 vampire mosquitoes
  3 basilisks
  9 minotaur simulacra (IceCv)
  7 steam dragons
  A harpy simulacrum (IceCv)
  2 hydra simulacra (IceCv)
  14 swamp worms
  2 acid dragons
  23 water moccasins
  5 swamp drakes (Swamp:4)
  36 orc warriors
  2 black bears
  A sky beast (D:6)
  12 ogres
  13 centaurs
  A wolf (shapeshifter) (D:15)
  17 wolves
  4 lemures (D:6)
  17 bullfrogs
  A gnoll sergeant (D:10)
  10 kobold brigands
  6 deep troll simulacra (IceCv)
  A scorpion (D:5)
  7 wights
  2 lindwurm simulacra (IceCv)
  28 killer bees
  2 electric eels
  2 howler monkeys (D:13)
  3 bombardier beetles
  A gnoll bouda (D:5)
  12 orc priests
  3 hounds
  3 jellies
  17 orc wizards
  An iguana (D:4)
  2 sleepcaps
  11 hell rats
  A statue (D:6)
  10 adders
  16 gnolls
  3 shadow imps
  5 white imps
  A ribbon worm (D:5)
  12 dart slugs
  70 orcs
  4 bats
  5 endoplasms
  6 giant cockroaches (Sewer)
  7 hobgoblins
  2 jackals (D:3)
  42 kobolds
  4 quokkas
  12 ball pythons
  8 frilled lizards (Sewer)
  12 goblins
  7 rats
1136 creatures vanquished.

Vanquished Creatures (collateral kills)
  3 orc warriors (Orc:2)
  An ogre (Orc:2)
  An orc priest (Orc:2)
  An orc (Orc:2)
6 creatures vanquished.

Vanquished Creatures (others)
  An orc warlord (Orc:2)
  A spriggan (Swamp:4)
  An ironbound convoker (Desolation)
  A tyrant leech (Swamp:4)
  4 bloated husks
  A tarantella (Spider:2)
  A hornet (Swamp:4)
  2 saltlings (Desolation)
  An orc warrior (Orc:2)
  A centaur (Orc:2)
  2 orcs (Orc:2)
  13 spectral weapons
29 creatures vanquished.

Grand Total: 1171 creatures vanquished

Notes
Turn   | Place    | Note
-------+----------+-------------------------------------------
     0 | D:1      | lilalause the Coglin Fighter began the quest for the Orb.
     0 | D:1      | Reached XP level 1. HP: 18/18 MP: 1/1
   108 | D:1      | Reached XP level 2. HP: 24/24 MP: 2/2
   247 | D:1      | Found a faded altar of an unknown god.
   369 | D:1      | Reached XP level 3. HP: 25/29 MP: 3/3
   613 | D:1      | Reached skill level 1 in Dodging
   869 | D:2      | Found a runed translucent door.
   870 | D:2      | Noticed Crazy Yiuf
  1625 | D:3      | Found Ceannuig's General Store.
  1630 | D:3      | Bought a potion of heal wounds for 55 gold pieces
  1630 | D:3      | Bought a scroll of noise for 11 gold pieces
  1630 | D:3      | Bought a scroll of identify for 22 gold pieces
  2400 | D:4      | Reached XP level 4. HP: 21/35 MP: 4/4
  2589 | D:4      | Reached skill level 1 in Throwing
  2775 | D:4      | Reached XP level 5. HP: 32/41 MP: 5/5
  2828 | D:4      | Reached skill level 3 in Axes
  3487 | D:5      | Entered Level 5 of the Dungeon
  3550 | D:5      | Found a glowing drain.
  3557 | Sewer    | Entered a sewer
  3590 | Sewer    | Reached XP level 6. HP: 45/48 MP: 6/6
  3844 | Sewer    | Got Ciedgh's Volume of the Mutated Wind
  4112 | D:5      | Noticed a water moccasin
  4213 | D:5      | Reached XP level 7. HP: 35/54 MP: 7/7
  4287 | D:5      | Reached skill level 4 in Axes
  4287 | D:5      | Reached skill level 1 in Evocations
  4691 | D:5      | Found an ornate altar of the Wu Jian Council.
  4820 | D:5      | Reached XP level 8. HP: 61/61 MP: 8/8
  4929 | D:5      | Noticed Grinder
  4929 | D:5      | Paralysed by Grinder for 2 turns
  4934 | D:5      | Killed Grinder
  4935 | D:5      | Reached skill level 5 in Axes
  4959 | D:5      | Reached skill level 5 in Fighting
  5496 | D:6      | Found a radiant altar of Vehumet.
  5631 | D:6      | Reached XP level 9. HP: 68/68 MP: 9/9
  5636 | D:6      | Reached skill level 6 in Axes
  5707 | D:6      | Found a hazy altar of Hepliaklqana.
  5716 | D:6      | Reached skill level 5 in Armour
  5735 | D:6      | Found a blossoming altar of Fedhas.
  5748 | D:6      | Noticed Prince Ribbit
  5774 | D:6      | Killed Prince Ribbit
  6502 | D:7      | Found a staircase to the Ecumenical Temple.
  6510 | Temple   | Entered the Ecumenical Temple
  6536 | Temple   | Became a worshipper of Qazlal Stormbringer
  6747 | D:7      | Noticed Pikel
  6890 | D:7      | Killed Pikel
  6891 | D:7      | Reached skill level 7 in Axes
  6891 | D:7      | Reached skill level 1 in Invocations
  6891 | D:7      | Reached skill level 5 in Evocations
  7048 | D:7      | Found a shimmering blue altar of Sif Muna.
  7058 | D:7      | Found a sacrificial altar of Ru.
  7115 | D:7      | Identified the +6 broad axe "Dunwoatia" {spect, rC+ Str+2}
  7465 | D:8      | Noticed a two-headed ogre
  7472 | D:8      | Killed a two-headed ogre
  7473 | D:8      | Reached XP level 10. HP: 46/77 MP: 9/11
  7874 | D:8      | Reached skill level 5 in Throwing
  7926 | D:8      | Reached skill level 5 in Dodging
  8007 | D:8      | Reached * piety under Qazlal
  8602 | D:9      | Found a flagged portal.
  8611 | Bailey   | Entered a bailey
  8631 | Bailey   | Reached skill level 8 in Axes
  8697 | Bailey   | Noticed an orc knight
  8713 | Bailey   | Killed an orc knight
  8732 | Bailey   | Identified the amulet of Music {Harm Regen+}
  8960 | Bailey   | Found a burning altar of Makhleb.
  9142 | D:9      | Reached ** piety under Qazlal
  9143 | D:9      | Reached XP level 11. HP: 83/84 MP: 13/13
  9177 | D:9      | Found a bloodstained altar of Trog.
  9453 | D:9      | Reached skill level 9 in Axes
  9681 | D:9      | Found Juunaum's Weapon Shoppe.
  9692 | D:9      | Noticed Grum
  9707 | D:9      | Killed Grum
  9708 | D:9      | Noticed a cyclops
  9908 | D:9      | Killed a cyclops
 10026 | D:10     | Entered Level 10 of the Dungeon
 10098 | D:10     | Noticed a two-headed ogre
 10102 | D:10     | Killed a two-headed ogre
 10447 | D:10     | Got the Handbook of the Guardian
 10585 | D:10     | Found a staircase to the Orcish Mines.
 10637 | D:10     | Reached *** piety under Qazlal
 10643 | D:10     | Identified the +7 scale mail "Nuips" {rF+}
 10665 | D:10     | Found an ancient bone altar of Kikubaaqudgha.
 10688 | D:10     | Reached skill level 10 in Axes
 10762 | D:10     | Noticed Sonja
 10765 | D:10     | Killed Sonja
 11088 | D:10     | Reached XP level 12. HP: 80/92 MP: 15/15
 11437 | D:11     | Noticed a boulder beetle
 11463 | D:10     | Killed a boulder beetle
 11743 | D:11     | Found a staircase to the Lair.
 11982 | D:11     | Noticed a two-headed ogre
 11986 | D:11     | Killed a two-headed ogre
 11986 | D:11     | Reached **** piety under Qazlal
 12296 | D:11     | Reached skill level 11 in Axes
 13119 | Lair:1   | Entered Level 1 of the Lair of Beasts
 13348 | Lair:1   | Reached skill level 5 in Invocations
 13575 | Lair:1   | Identified a scroll of acquirement
 13576 | Lair:1   | Acquired a manual of Armour
 14115 | Lair:2   | Reached skill level 10 in Evocations
 14152 | Lair:2   | Reached XP level 13. HP: 101/101 MP: 17/17
 14158 | Lair:2   | Reached skill level 12 in Axes
 14473 | Lair:2   | You fall into a shaft and drop 1 floor!
 14473 | Lair:3   | Found a hole to the Spider Nest.
 14517 | Lair:3   | Reached ***** piety under Qazlal
 14841 | Lair:3   | Found a staircase to the Swamp.
 15093 | Lair:3   | Reached skill level 10 in Armour
 15100 | Lair:3   | Reached skill level 13 in Axes
 15260 | Lair:3   | Reached skill level 10 in Fighting
 15907 | Lair:4   | Found a staircase to the Slime Pits.
 16478 | Lair:5   | Entered Level 5 of the Lair of Beasts
 16493 | Lair:5   | Reached XP level 14. HP: 98/110 MP: 18/18
 16575 | Lair:4   | Acquired a tuning ramjet {Gadgeteer, rPois rC+ rCorr}
 17359 | Lair:4   | Reached skill level 14 in Axes
 18366 | Orc:1    | Entered Level 1 of the Orcish Mines
 18632 | Orc:1    | Reached ****** piety under Qazlal
 18929 | Orc:2    | Entered Level 2 of the Orcish Mines
 18929 | Orc:2    | Noticed an orc warlord
 18938 | Orc:2    | Noticed Saint Roka
 19276 | Orc:2    | Reached XP level 15. HP: 98/118 MP: 20/20
 19716 | Orc:2    | Found Tyanas's Antique Armour Shoppe.
 19716 | Orc:2    | Found Vaik Zash's Weapon Boutique.
 19716 | Orc:2    | Found Gelonnoa's Armour Shop.
 19717 | Orc:2    | Found Ikutsit's Antique Weapon Emporium.
 19737 | Orc:2    | Found a staircase to the Elven Halls.
 20182 | D:12     | Reached skill level 15 in Axes
 20834 | D:13     | Noticed Lodul
 20856 | D:13     | Found a gate leading to a gauntlet.
 20882 | D:13     | Noticed Frances
 20887 | Gauntlet | Entered a Gauntlet
 20887 | Gauntlet | Found a transporter.
 20887 | Gauntlet | Found a transporter.
 20887 | Gauntlet | Found a transporter.
 21146 | Gauntlet | Found a transporter.
 21146 | Gauntlet | Found a transporter.
 21149 | Gauntlet | Found a transporter.
 21161 | Gauntlet | Found the ring of Shadows {Umbra +Inv Stlth+}
 21169 | Gauntlet | Found a transporter.
 21170 | Gauntlet | Found a transporter.
 21170 | Gauntlet | Found a transporter.
 21171 | Gauntlet | Found a transporter.
 21191 | Gauntlet | Found a transporter.
 21193 | Gauntlet | Found a transporter.
 21361 | Gauntlet | Identified the +0 pair of gloves of the Bells {rPois
                  | Slay+3}
 21590 | Gauntlet | Identified the +0 rapier of Olubifofok {venom, Int+2}
 21617 | Gauntlet | Got the Handbook of the Tempestuous Damned
 21620 | Gauntlet | Identified the +1 robe of Gigonige {Will+ Stlth+}
 22327 | D:13     | Killed Lodul
 22362 | D:13     | Killed Frances
 22478 | D:13     | Found a portal to a secret trove of treasure.
 23384 | D:14     | Learned a level 3 spell: Passwall
 23661 | D:14     | Found a gate to the Vaults.
 23676 | D:14     | Found Qilu Lom's Assorted Antiques.
 23689 | D:14     | Bought a wand of roots (7) for 588 gold pieces
 23689 | D:14     | Bought a distressingly furry ring mail for 315 gold pieces
 23689 | D:14     | Identified the +6 ring mail "Piusuotz" {Harm Int+3 Dex+2}
                  | (You bought it in a shop on level 14 of the Dungeon)
 23834 | D:15     | Entered Level 15 of the Dungeon
 23866 | D:15     | Reached skill level 1 in Earth Magic
 23999 | D:15     | Found a staircase to the Depths.
 24060 | D:15     | Reached XP level 16. HP: 125/127 MP: 22/22
 25003 | Spider:1 | Entered Level 1 of the Spider Nest
 25009 | Spider:1 | Reached skill level 16 in Axes
 25059 | Spider:1 | You fall into a shaft and drop 1 floor!
 25235 | Spider:1 | Found a glacial archway.
 25245 | IceCv    | Entered an ice cave
 26148 | IceCv    | Found the +3 pair of mountain boots {steadfast, rC+}
 26176 | IceCv    | Got the Book of Bewitchment and the Alkahest
 26620 | Spider:1 | Reached XP level 17. HP: 111/135 MP: 23/23
 27059 | Spider:2 | Learned a level 1 spell: Apportation
 27061 | Spider:2 | Noticed Louise
 27318 | Spider:2 | Killed Louise
 27374 | Spider:2 | Noticed Arachne
 27385 | Spider:2 | Killed Arachne
 27742 | Spider:3 | Noticed Mlioglotl
 27745 | Spider:3 | Noticed Donald
 27749 | Spider:3 | Killed Mlioglotl
 27750 | Spider:3 | Reached skill level 1 in Translocations
 27750 | Spider:3 | Reached skill level 15 in Evocations
 27756 | Spider:3 | Reached skill level 17 in Axes
 27756 | Spider:3 | Killed Donald
 27903 | Spider:3 | Identified the serpent talisman "Vocah" {+Blink rF- Stlth+}
 27903 | Spider:3 | Noticed Aizul
 28057 | Spider:3 | Killed Aizul
 28619 | Spider:3 | Found a runed translucent door.
 28619 | Spider:3 | Noticed topfpfpflanze's ghost (adept FeCj)
 28620 | Spider:3 | Found a shimmering altar of Xom.
 29236 | Spider:3 | Killed topfpfpflanze's ghost
 29325 | Spider:4 | Entered Level 4 of the Spider Nest
 30138 | Spider:4 | Noticed Agnes
 30149 | Spider:4 | Killed Agnes
 30642 | Spider:4 | Reached XP level 18. HP: 113/143 MP: 25/25
 30782 | Spider:4 | Reached skill level 10 in Invocations
 30992 | Spider:4 | Got a gossamer rune of Zot
 31390 | Orc:2    | Bought the +2 mace of Kuhaabb {flame, Fly rN+} for 373 gold
                  | pieces
 31454 | Orc:2    | Killed Saint Roka
 32041 | Swamp:1  | Entered Level 1 of the Swamp
 32084 | Swamp:1  | Reached skill level 18 in Axes
 33220 | Swamp:3  | Reached skill level 15 in Armour
 33502 | Swamp:3  | Reached skill level 5 in Translocations
 34050 | Swamp:4  | Entered Level 4 of the Swamp
 35225 | Swamp:4  | Paralysed by a hornet for 3 turns
 35584 | Swamp:4  | Got a decaying rune of Zot
 35626 | Swamp:4  | Identified the +7 spear of the Brain {heavy, rC+ MP+9 Int-3
                  | Stlth+}
 36080 | Elf:1    | Entered Level 1 of the Elven Halls
 36149 | Elf:1    | Reached XP level 19. HP: 149/152 MP: 26/26
 36175 | Elf:1    | Found a crumbling gateway.
 36185 | Desolati | Entered the Desolation of Salt
 36222 | Desolati | Reached skill level 1 in Spellcasting
 36534 | Desolati | HP: 4/136 [halazid warlock (6)]
 36534 | Desolati | Slain by a halazid warlock

Illustrated notes

Levels and vault maps discovered:
D:1:      dpeg_arrival_erosion, layout_loops_ring, ebering_ecumenical_altar_mist
D:2:      layout_basic, uniq_crazy_yiuf_cottage
D:3:      layout_basic, serial_shops, shop, moated_statue,
          minmay_misc_feat_square
D:4:      layout_basic
D:5:      layout_cave_pools, nicolae_wu_jian_glorious_leap,
          gup_sewer_entry_bubbles, uniq_grinder
D:6:      layout_basic, vehumet_statue, mainiacjoe_overflow_catwalk_spiral,
          uniq_prince_ribbit1
D:7:      layout_gridville, mainiacjoe_overflow_large_starburst,
          minmay_temple_entry_glassed_door, uniq_pikel
D:8:      layout_loops_corners, nicolae_houndstooth_variations
D:9:      layout_basic, mainiacjoe_overflow_paths, enter_bailey_3, serial_shops,
          shop, uniq_grum
D:10:     layout_roguey, kiku_gazebo_pond_becter, david_orc_1_choice,
          special_room [special_room_bee], uniq_sonja
D:11:     layout_loops_cross, grunt_lair_entry_orc_guard_hut,
          nicolae_hexahallways, minmay_misc_feat_tiny
D:12:     layout_gridville
D:13:     layout_cross, gauntlet_entry_generic, nicolae_trove_entry_free_sample,
          uniq_lodul, uniq_frances
D:14:     layout_loops_cross, david_vaults_2, serial_shops,
          nicolae_shop_tiny_statue_garden
D:15:     gammafunk_depths_entry_grave, layout_stronghold
Temple:   minmay_temple_curvy_branch
Lair:1:   layout_hall_layers
Lair:2:   layout_hall_layers, serial_bayou_shore_a, infiniplex_staircase_pool_2,
          grunt_megastairs_2
Lair:3:   layout_regular_city, skrybe_swamp_entry_bodies,
          hellmonk_spider_entry_not_the_bees, serial_bayou_crossing,
          lemuel_fruit_tree
Lair:4:   layout_misc_corridors, dpeg_slime_entry_enclosed,
          infiniplex_staircase_pool, grunt_megastairs_4
Lair:5:   gammafunk_lair_ancient_temple, layout_hall_layers
Swamp:1:  layout_basic_swamp, nicolae_swamp_fairy_circle, swamp_pool_1_2
Swamp:2:  layout_basic_swamp, evilmike_swamp_ruin_rubble_1, swamp_pool_1_2,
          hangedman_swamp_wriggling
Swamp:3:  layout_falls_marsh, evilmike_swamp_ruin_house_6
Swamp:4:  swamp, layout_basic_swamp
Spider:1: layout_spider_delve, portal_ice_cave_entry_pillars_three
Spider:2: layout_spider_delve, uniq_arachne, uniq_louise
Spider:3: layout_spider_delve, ebering_ghost_xom, uniq_mlioglotl, uniq_donald,
          uniq_aizul
Spider:4: grunt_spider_rune_parallel, uniq_agnes
Orc:1:    layout_caves
Orc:2:    st_orc_rangers, layout_caves, mines2_lemuel, uniq_saint_roka
Elf:1:    layout_geoelf_octagon, serial_shops, shop,
          portal_desolation_entry_nicolae_nacl, evilmike_minifort
Desolation

Skill      XL: |  1  2  3  4  5  6  7  8  9 10 11 12 13 14 15 16 17 18 19 |
---------------+----------------------------------------------------------+-----
Armour         | 3 4 5 6 7 8 10 12 13 14 15 | 15.3
Dodging        | 1 2 3 4 5 6 7 |  7.5
Throwing       | 1 2 3 4 5 6 |  6.0
Axes           | 3 4 5 7 8 10 11 13 14 15 16 17 18 | 18.5
Fighting       | 4 5 6 7 8 9 10 11 12 13 14 | 14.3
Evocations     | 2 4 5 7 8 10 11 12 13 14 15 16 17 | 17.0
Invocations    | 1 2 4 5 6 7 8 9 10 | 10.7
Earth Magic    | 1 3 4 |  4.0
Translocations | 3 5 6 |  6.2
Spellcasting   | 1 |  1.5
Shields        | |  2.1

Action                     |  1- 3 |  4- 6 |  7- 9 | 10-12 | 13-15 | 16-18 | 19-21 || total
---------------------------+-------+-------+-------+-------+-------+-------+-------++-------
  Melee: War axe           |    81 |   108 |   188 |       |       |       |       ||   377
         Whip              |    12 |       |       |       |       |       |       ||    12
         Mace              |    17 |       |       |       |       |   227 |       ||   244
         Hand axe          |       |    74 |   191 |   301 |   341 |       |       ||   907
         Broad axe         |       |       |     9 |   320 |   657 |   977 |   113 ||  2076
         Morningstar       |       |       |       |       |    11 |       |       ||    11
         Trident           |       |       |       |       |    10 |    61 |       ||    71
  Throw: Dart              |       |     1 |    32 |    16 |     2 |    13 |       ||    64
         Boomerang         |       |       |       |    10 |       |       |       ||    10
         Javelin           |       |       |       |       |     2 |       |       ||     2
         Throwing net      |       |       |       |       |       |     1 |       ||     1
Ability: Invent Gizmo      |       |       |       |       |     1 |       |       ||     1
         Evoke Invisibilit |       |       |       |       |     1 |     1 |       ||     2
  Evoke: Wand              |       |       |     7 |     3 |    16 |    30 |     1 ||    57
         Condenser vane    |       |       |       |       |       |     5 |       ||     5
         Phantom mirror    |       |       |       |       |       |     1 |     1 ||     2
         Phial of floods   |       |       |       |       |       |       |     1 ||     1
    Use: Scroll            |     4 |       |     5 |    13 |    19 |    10 |     1 ||    52
         Potion            |       |     1 |       |     1 |     3 |     7 |     2 ||    14
   Stab: Distracted        |       |       |       |     3 |    16 |     7 |     2 ||    28
         Invisible         |       |       |       |       |       |    22 |       ||    22
         Held in net/web   |       |       |       |       |       |     1 |       ||     1
 Armour: Scale mail        |    57 |   125 |   138 |   241 |   355 |       |       ||   916
         Pearl dragon scal |       |       |       |       |    82 |   107 |    46 ||   235
         Plate armour      |       |       |       |       |       |   601 |       ||   601
  Dodge: Dodged            |    27 |    62 |   109 |   162 |   265 |   302 |    23 ||   950
         Repelled          |       |       |       |     1 |    51 |    30 |     2 ||    84
  Block: Other             |       |       |       |    51 |   168 |   201 |     9 ||   429

Table legend: (Time is in decaauts)
 A = Elapsed time spent in this place.
 B = Non-inter-level travel time spent in this place.
 C = Inter-level travel time spent in this place.
 D = Time resting spent in this place.
 E = Time spent auto-exploring this place.
 F = Levels seen in this place.
 G = Mean time per level.
                   A        B        C        D        E       F      G
               +--------+--------+--------+--------+--------+-----+--------+
         Total |  36547 |  33615 |   2932 |   6688 |  18998 |  37 |  987.8 |
       Dungeon |  16778 |  15547 |   1231 |   2212 |  10370 |  15 | 1118.5 |
        Temple |     51 |      3 |     48 |      0 |      0 |   1 |   51.0 |
          Lair |   5661 |   4893 |    768 |    538 |   3196 |   5 | 1132.2 |
         Swamp |   3757 |   3539 |    218 |   1220 |   1685 |   4 |  939.2 |
   Spider Nest |   4594 |   4142 |    452 |   1156 |   1925 |   4 | 1148.5 |
  Orcish Mines |   2127 |   1913 |    214 |    468 |    866 |   2 | 1063.5 |
   Elven Halls |     98 |     98 |      0 |      0 |      0 |   1 |   98.0 |
         Sewer |    630 |    630 |      0 |     18 |    282 |   1 |  630.0 |
        Bailey |    391 |    391 |      0 |    179 |      0 |   1 |  391.0 |
      Ice Cave |   1347 |   1347 |      0 |    352 |    672 |   1 | 1347.0 |
    Desolation |    333 |    333 |      0 |    155 |      0 |   1 |  333.0 |
      Gauntlet |    774 |    774 |      0 |    389 |      0 |   1 |  774.0 |
               +--------+--------+--------+--------+--------+-----+--------+

Top non-repeatable levels by time:
    D:10: 2088 daAuts
Spider:3: 2011 daAuts
 Swamp:3: 1784 daAuts
    D:12: 1481 daAuts
    D:11: 1458 daAuts
     D:4: 1422 daAuts
  Lair:3: 1420 daAuts
  Lair:5: 1394 daAuts
   IceCv: 1347 daAuts
     D:8: 1332 daAuts
Spider:4: 1233 daAuts
  Lair:1: 1202 daAuts
   Orc:1: 1088 daAuts
     D:6: 1084 daAuts
   Orc:2: 1039 daAuts
